 Dungeon Crawl Stone Soup version 0.31-b1-22-gc680215f68 (webtiles) character file.

Game seed: 9797636538137151946

111603 groovy9 the Warrior (level 16, -4/114 HPs)
             Began as a Gargoyle Berserker on Jan 19, 2024.
             Was an Elder of Trog.
             Engulfed by a cloud of freezing vapour (6 damage)
             ... in an ice cave.
             The game lasted 01:34:13 (38662 turns).

groovy9 the Warrior (Gargoyle Berserker)           Turns: 38662, Time: 01:34:13

Health: -4/114     AC: 36    Str: 43    XL:     16   Next: 58%
Magic:  0/16       EV: 11    Int:  8    God:    Trog [****..]
Gold:   3552       SH:  0    Dex:  9    Spells: 15/15 levels left

rFire   . . .        T - +1 hand axe (vamp)
rCold   + . .        (no shield)
rNeg    + + .        k - +3 scale mail {rF+}
rPois   ∞            a - +2 helmet {SInv}
rElec   +            q - scarf of the Wilderness {repulsion, rF- rC+ rN+ Str+2}
rCorr   .            i - +3 Mad Mage's Maulers {Infuse+∞ VampMP -Cast}
SInv    +            J - +0 pair of boots
Will    ++...        z - amulet of regeneration Stlth
                     U - +6 ring of strength
HPRegen 2.19/turn    I - ring of Understanding {rElec Will- Str+6 Slay+4}
MPRegen 0.15/turn

%: no spellcasting, repel missiles
@: strong-willed, on berserk cooldown, flying, regenerating, slowed, very slow
A: sickness immunity, AC +12, big wings, negative energy resistance 1,
electricity resistance, torment resistance 1, petrification resistance
a: Renounce Religion, Berserk, Trog's Hand, Brothers in Arms


You were in an ice cave.
You worshipped Trog.
Trog was greatly pleased with you.
You visited 5 branches of the dungeon, and saw 23 of its levels.
You also visited: Gauntlet and Ice Cave.

You collected 4186 gold pieces.
You spent 634 gold pieces at shops.

Inventory:

Hand Weapons
 f - the +7 flail of Symmetry {protect, rElec rN+ Str+3 Stlth-}
   (You found it on level 5 of the Lair of Beasts)

   Str+3:     It affects your strength (+3).
   rElec:     It insulates you from electricity.
   rN+:       It protects you from negative energy.
   Stlth-:    It makes you less stealthy.
 O - a +0 heavy broad axe
 P - the +2 battleaxe "Zuing" {freeze, Fly rPois rCorr Str+4}
   (You found it on level 12 of the Dungeon)

   Str+4:     It affects your strength (+4).
   rPois:     It protects you from poison Fly: It grants you flight.
   rCorr:     It protects you from acid and corrosion.
 T - a +1 vampiric hand axe (weapon)
 W - a +2 broad axe
Missiles
 x - 3 throwing nets (quivered)
Armour
 a - a +2 helmet of see invisible (worn)
 i - the +3 Mad Mage's Maulers (worn) {Infuse+∞ VampMP -Cast}
   (You found it on level 2 of the Dungeon)

   Infuse+∞: It empowers its wearer's blows with all of their magic.
   VampMP:    Blows struck in melee replenish the wearer's magic.
   -Cast:     It prevents spellcasting.
 k - a +3 scale mail of fire resistance (worn)
 q - the scarf of the Wilderness (worn) {repulsion, rF- rC+ rN+ Str+2}
   (You acquired it on level 5 of the Dungeon)

   Str+2:     It affects your strength (+2).
   rF-:       It makes you vulnerable to fire.
   rC+:       It protects you from cold.
   rN+:       It protects you from negative energy.
 D - a +0 plate armour
 E - a +1 hat of willpower
 J - a +0 pair of boots (worn)
Jewellery
 g - a ring of see invisible
 z - an amulet of regeneration (around neck)
 B - a ring of magical power
 I - the ring of Understanding (right hand) {rElec Will- Str+6 Slay+4}
   (You acquired it on level 12 of the Dungeon)

   [ring of slaying]

   Str+6:     It affects your strength (+6).
   Slay+4:    It affects your accuracy & damage with ranged weapons and melee
   (+4).
   rElec:     It insulates you from electricity.
   Will-:     It decreases your willpower.
 L - the amulet "Viucs" {Spirit rF- Int+2 Dex+4 SInv}
   (You bought it in a shop on level 2 of the Orcish Mines)

   [amulet of guardian spirit]

   Spirit:    It causes incoming damage to be divided between your reserves of
   health and magic.
   Int+2:     It affects your intelligence (+2).
   Dex+4:     It affects your dexterity (+4).
   rF-:       It makes you vulnerable to fire.
   SInv:      It lets you see invisible.
 N - a ring of ice
 U - a +6 ring of strength (left hand)
Wands
 b - a wand of charming (8)
 l - a wand of iceblast (27)
 u - a wand of flame (29)
 G - a wand of polymorph (5)
Scrolls
 c - 2 scrolls of fear
 d - 2 scrolls of poison
 j - 6 scrolls of revelation
 p - 2 scrolls of blinking
 w - 3 scrolls of teleportation
 C - 3 scrolls of immolation
 K - 4 scrolls of identify
 M - a scroll of enchant armour
 Q - a scroll of fog
 R - a scroll of enchant weapon
Potions
 e - 2 potions of cancellation
 h - 4 potions of curing
 m - 3 potions of invisibility
 n - 2 potions of lignification
 o - a potion of mutation
 r - 6 potions of ambrosia
 s - a potion of attraction
 t - a potion of resistance {unknown}
 v - 7 potions of heal wounds
 A - 2 potions of enlightenment
 F - 3 potions of berserk rage
 S - a potion of magic
 V - a potion of might
Miscellaneous
 y - a box of beasts


   Skills:
 + Level 18.0 Fighting
 + Level 17.0 Axes
 + Level 17.8 Armour
 - Level 1.5 Dodging


You had 15 spell levels left.
You didn't know any spells.
Your spell library was empty.

Dungeon Overview and Level Annotations

Branches:
Dungeon (14/15)            Temple (1/1) D:5            Lair (5/5) D:10
  Swamp (1/4) Lair:3       Spider (0/4) Lair:2        Slime (0/5) Lair:5
    Orc (2/2) D:10            Elf (0/3) Orc:2        Vaults (0/5) D:14
  IceCv (1/1)             Gauntlet (visited)

Altars:
Ashenzari
Cheibriados
Dithmenos
Elyvilon
Fedhas
Gozag
Hepliaklqana
Kikubaaqudgha
Makhleb
Nemelex Xobeh
Okawaru
Qazlal
Ru
Sif Muna
Trog
Uskayaw
Vehumet
Wu Jian
Xom
Yredelemnul
Zin
The Shining One
Jiyva

Shops:
Orc:2 **=*(

Portals:
Pandemonium: Orc:2

Annotations:
Temple 2 transporters


Innate Abilities, Weirdness & Mutations

You are immune to sickness and miasma.
Your stone body is resilient. (AC +12)
You are immune to poison.
Your large and strong wings let you fly.
You resist negative energy. (rN+)
You are resistant to electric shocks. (rElec)
You are resistant to unholy torment.
You are immune to petrification.


Message History

The reaper draws a finger across its throat.
The reaper closely misses you. The golden dragon simulacrum bites you.
* * * LOW HITPOINT WARNING * * *
The golden dragon simulacrum freezes you!!
You resist.
* * * LOW HITPOINT WARNING * * *
The golden dragon simulacrum barely misses you.
The golden dragon simulacrum tramples you but does no damage.
You hit the golden dragon simulacrum but do no damage.
The golden dragon simulacrum is almost destroyed.
You are engulfed in freezing vapours.
You resist.
The reaper hits you from afar with a -4 scythe of freezing!
* * * LOW HITPOINT WARNING * * *
The reaper freezes you.
* * * LOW HITPOINT WARNING * * *
You slash the golden dragon simulacrum!
The golden dragon simulacrum vaporises!
Trog accepts your kill.
You are engulfed in freezing vapours.
You resist.
Your two-headed ogre is engulfed in freezing vapours.
You feel a strong urge to attack something.
You feel your anger nearly subside.
You are no longer berserk.
You are exhausted.
You feel yourself slow down. Something hits your two-headed ogre!!
Something freezes your two-headed ogre.
Your skin crawls.
You feel strong-willed. Something hits your two-headed ogre.
Something freezes your two-headed ogre. Something hits your two-headed ogre!!
Something freezes your two-headed ogre!
Your two-headed ogre dies!
Your two-headed ogre's corpse disappears in a puff of smoke!
The reaper hits you with a -4 scythe of freezing.
* * * LOW HITPOINT WARNING * * *
The reaper drags you backwards! The reaper hits you but does no damage.
The reaper hits you from afar with a -4 scythe of freezing!
* * * LOW HITPOINT WARNING * * *
You hit the reaper but do no damage.
The reaper is moderately wounded.
You barely miss the reaper.
You are engulfed in freezing vapours.
You resist.
You die...

### ##.## #### ##...##
##..## ##.....# #..§☼#
#......## ##..#☼§#
##.......# ##.###.§§#
#.....2.§#
#..####..###....@§§#
#..#..##..#....§#2#§.#
..##..)##§.°§☼.##2#..##
..#....##☼○§§###§§#...#
.##....###○§§#☼§○§○...##
.#....## #§§§#○☼○§§....#
.##.#.## #..§#○○○####..#
..###..# #..§.°..○§§....
..##...###.○#.°..○☼2☼. #


You could see 3 reapers.

Vanquished Creatures
  Gastronok (Lair:2)
  An eleionoma (Swamp:1)
  A dire elephant (Gauntlet)
  A minotaur (Gauntlet)
  An ice dragon (Lair:5)
  A vault guard (D:14)
  Erolcha (D:12)
  2 demonspawn (Orc:2)
  An alligator (Swamp:1)
  The ghost of PaiMei the Black Sun, a journeyman DsNe of Kikubaaqudgha (Lair:1)
  3 hydras
  3 boulder beetles
  A dancing weapon (D:14)
  Erica (D:10)
  4 two-headed ogres
  9 death yaks
  A hell hog (Lair:5)
  3 orc high priests (Orc:2)
  The ghost of BaconRulez the Ruffian, a novice OnSh of Elyvilon (D:6)
  A soul eater (Orc:2)
  7 skeletal warriors
  A skyshark (Lair:5)
  Amaemon (Lair:3)
  Lodul (D:14)
  2 goliath frogs (Swamp:1)
  A bog body (IceCv)
  An obsidian statue (IceCv)
  Pikel (D:5)
  2 lindwurms (Lair:5)
  3 orc knights (Orc:2)
  8 orc sorcerers (Orc:2)
  5 cyclopes
  14 ugly things
  2 black mambas
  10 elephants
  6 meliai
  2 rust devils
  2 orange demons
  5 torpor snails (Lair:5)
  14 cane toads
  Jeremiah (D:7)
  An unseen horror (D:12)
  2 gargoyles
  14 komodo dragons
  4 rime drakes
  12 freezing wraiths
  2 anaconda simulacra (IceCv)
  4 ice devils
  An unseen horror skeleton (D:6)
  A queen bee (shapeshifter) (D:13)
  A golden dragon simulacrum (IceCv)
  4 trolls
  18 polar bears
  A queen bee (D:12)
  3 tyrant leeches (Lair:5)
  27 blink frogs
  3 raiju (Lair:5)
  8 hornets (Lair:5)
  A dream sheep (Lair:5)
  Sigmund (D:5)
  A ynoxinul (Gauntlet)
  A dire elephant simulacrum (IceCv)
  2 wyverns
  59 yaks
  4 shadows
  3 basilisks
  7 vampire mosquitoes
  A wraith (D:13)
  2 steam dragons
  8 wargs
  3 swamp worms
  5 minotaur simulacra (IceCv)
  2 acid dragons
  Duvessa (D:5)
  16 water moccasins
  12 hell hounds (Lair:5)
  The ghost of jpg7707 the Cudgeller, an amateur TrCK of Ru (D:3)
  16 black bears
  30 orc warriors
  2 sky beasts
  13 ogres
  21 wolves
  3 centaurs
  4 phantoms
  5 kobold brigands
  15 bullfrogs
  5 deep troll simulacra (IceCv)
  6 scorpions
  5 wights (D:8)
  Dowan (D:5)
  17 killer bees
  A spectral centaur (D:6)
  2 electric eels (Lair:3)
  A bombardier beetle (D:7)
  2 jellies (D:6)
  Crazy Yiuf (D:2)
  27 orc priests
  A gnoll bouda (D:8)
  2 hounds
  4 iron imps (Gauntlet)
  A sleepcap (D:7)
  Terence (D:2)
  5 iguanas
  24 orc wizards
  2 centaur simulacra
  A howler monkey zombie (D:6)
  4 gnolls (D:8)
  9 adders
  2 ufetubi (D:5)
  A dart slug (D:3)
  5 ribbon worms
  67 orcs
  6 endoplasms
  7 giant cockroaches
  7 goblins
  8 hobgoblins
  4 quokkas
  5 ball pythons
  7 bats
  4 frilled lizards
  26 kobolds
  3 rats
746 creatures vanquished.

Vanquished Creatures (collateral kills)
  2 orc high priests (Orc:2)
  An orc knight (Orc:2)
  A golden dragon simulacrum (IceCv)
  An orc warrior (Orc:2)
  6 killer bees (D:12)
  An orc priest (Orc:2)
12 creatures vanquished.

Grand Total: 758 creatures vanquished

Notes
Turn   | Place    | Note
-------+----------+-------------------------------------------
     0 | D:1      | groovy9 the Gargoyle Berserker began the quest for the Orb.
     0 | D:1      | Reached XP level 1. HP: 14/14 MP: 1/1
   263 | D:1      | Reached XP level 2. HP: 19/19 MP: 2/2
   280 | D:1      | Found a faded altar of an unknown god.
  1051 | D:2      | Found the +3 Mad Mage's Maulers {Infuse+∞ VampMP -Cast}
  1073 | D:2      | Reached XP level 3. HP: 21/23 MP: 1/3
  1227 | D:2      | Reached XP level 4. HP: 29/29 MP: 1/4
  1450 | D:2      | Reached ** piety under Trog
  1735 | D:2      | Noticed Terence
  1744 | D:2      | Killed Terence
  1745 | D:2      | Reached skill level 4 in Fighting
  2074 | D:2      | Found a runed translucent door.
  2075 | D:2      | Noticed Crazy Yiuf
  2080 | D:2      | Killed Crazy Yiuf
  2081 | D:2      | Reached XP level 5. HP: 33/33 MP: 2/5
  2732 | D:3      | Noticed jpg7707's ghost (amateur TrCK)
  2733 | D:3      | Found a transporter.
  2745 | D:3      | Found a transporter.
  3083 | D:3      | Noticed a +0 hand axe
  3083 | D:3      | Noticed a +0 hand axe
  3147 | D:3      | Found a hide-covered altar of Uskayaw.
  3992 | D:4      | Found an opulent altar of Gozag.
  4002 | D:4      | Noticed a phantom
  4019 | D:4      | Killed a phantom
  4020 | D:4      | Reached XP level 6. HP: 39/39 MP: 0/6
  4449 | D:5      | Entered Level 5 of the Dungeon
  4682 | D:5      | Noticed a black bear
  4685 | D:5      | Killed a black bear
  4686 | D:5      | Reached skill level 5 in Axes
  4713 | D:5      | Identified a scroll of acquirement
  4713 | D:5      | Acquired the scarf of the Wilderness {repulsion, rF- rC+
                  | rN+ Str+2}
  4756 | D:5      | Reached skill level 5 in Fighting
  4925 | D:5      | Found a blossoming altar of Fedhas.
  4935 | D:5      | Noticed Sigmund
  4948 | D:5      | Reached XP level 7. HP: 44/44 MP: 0/7
  4950 | D:5      | Noticed Pikel
  4951 | D:5      | Killed Sigmund
  4964 | D:5      | Killed Pikel
  4965 | D:5      | Reached skill level 6 in Fighting
  4965 | D:5      | Reached skill level 5 in Armour
  4965 | D:5      | Reached XP level 8. HP: 50/51 MP: 1/8
  4965 | D:5      | Noticed Dowan
  5069 | D:5      | Noticed Duvessa
  5085 | D:5      | Killed Duvessa
  5090 | D:5      | Killed Dowan
  5198 | D:5      | Acquired 1071 gold pieces
  5525 | D:5      | Reached skill level 7 in Fighting
  5525 | D:5      | Reached XP level 9. HP: 57/57 MP: 0/9
  5828 | D:5      | Found a glowing silver altar of Zin.
  6126 | D:5      | Found a staircase to the Ecumenical Temple.
  6135 | Temple   | Found a transporter.
  6135 | Temple   | Found a transporter.
  6135 | Temple   | Found a transporter.
  6135 | Temple   | Found a transporter.
  6135 | Temple   | Entered the Ecumenical Temple
  6207 | D:5      | Found a burning altar of Makhleb.
  6535 | D:6      | Found a runed translucent gate.
  6535 | D:6      | Found a runed translucent gate.
  6535 | D:6      | Found a runed translucent gate.
  6535 | D:6      | Noticed BaconRulez's ghost (novice OnSh)
  7759 | D:7      | Reached skill level 8 in Fighting
  8602 | D:7      | Noticed Jeremiah
  8651 | D:7      | Killed Jeremiah
  8652 | D:7      | Reached XP level 10. HP: 40/65 MP: 3/10
  8886 | D:8      | Found a broken altar of Ashenzari.
  9365 | D:8      | Identified the +5 ring mail of Dithmenos's Whim {rElec
                  | Slay+2}
 10014 | D:8      | Reached skill level 10 in Axes
 10615 | D:9      | Reached skill level 9 in Fighting
 11326 | D:9      | Reached XP level 11. HP: 69/71 MP: 2/11
 11738 | D:10     | Entered Level 10 of the Dungeon
 11824 | D:10     | Found a staircase to the Lair.
 12024 | D:10     | Noticed Erica
 12035 | D:10     | Killed Erica
 12036 | D:10     | Reached skill level 10 in Fighting
 12177 | D:10     | Reached *** piety under Trog
 12313 | D:10     | Found a staircase to the Orcish Mines.
 12470 | D:10     | Noticed a two-headed ogre
 12482 | D:10     | Killed a two-headed ogre
 12539 | D:10     | Found an iron altar of Okawaru.
 12660 | D:10     | Reached skill level 10 in Armour
 13229 | D:3      | Killed jpg7707's ghost
 13412 | D:6      | Killed BaconRulez's ghost
 13569 | Lair:1   | Entered Level 1 of the Lair of Beasts
 13690 | Lair:1   | Reached skill level 11 in Fighting
 13690 | Lair:1   | Reached XP level 12. HP: 80/80 MP: 4/12
 14558 | Lair:1   | Found a runed translucent door.
 14559 | Lair:1   | Noticed PaiMei's ghost (journeyman DsNe)
 16096 | Lair:2   | Found a hole to the Spider Nest.
 16251 | Lair:2   | Reached skill level 12 in Fighting
 16591 | Lair:2   | Noticed Gastronok
 16610 | Lair:2   | Killed Gastronok
 16731 | Lair:2   | Reached XP level 13. HP: 86/86 MP: 2/13
 17687 | Lair:3   | Noticed Amaemon
 17694 | Lair:3   | Killed Amaemon
 18554 | Lair:3   | Reached skill level 15 in Axes
 18562 | Lair:3   | Reached skill level 13 in Fighting
 18788 | Lair:3   | Identified the +1 robe of a bazaar {rElec rF+ Will+ SInv}
 18985 | Lair:3   | Found a staircase to the Swamp.
 19632 | Lair:4   | Reached **** piety under Trog
 21379 | Lair:5   | Entered Level 5 of the Lair of Beasts
 21736 | Lair:5   | Gained mutation: Your large and strong wings let you fly.
                  | [Gargoyle growth]
 21736 | Lair:5   | Reached XP level 14. HP: 77/94 MP: 2/14
 22497 | Lair:5   | Identified the +7 flail of Symmetry {protect, rElec rN+
                  | Str+3 Stlth-}
 22725 | Lair:5   | Found a viscous altar of Jiyva.
 22725 | Lair:5   | Found a staircase to the Slime Pits.
 23186 | Lair:5   | Reached skill level 14 in Fighting
 23697 | Lair:5   | Reached ***** piety under Trog
 24042 | Lair:5   | Identified the +0 ring mail of Focus {rPois Int+3 Stlth+}
 24988 | Lair:5   | Reached skill level 15 in Fighting
 25692 | Orc:1    | Entered Level 1 of the Orcish Mines
 26117 | Orc:2    | Entered Level 2 of the Orcish Mines
 26121 | Orc:2    | Reached skill level 15 in Armour
 26831 | Orc:2    | Found a staircase to the Elven Halls.
 26832 | Orc:2    | Found Wokkac's Assorted Antiques.
 26841 | Orc:2    | Bought a scroll of identify for 56 gold pieces
 26841 | Orc:2    | Bought a vibrating iron amulet for 140 gold pieces
 26841 | Orc:2    | Identified the amulet "Viucs" {Spirit rF- Int+2 Dex+4 SInv}
                  | (You bought it in a shop on level 2 of the Orcish Mines)
 26841 | Orc:2    | Bought a scroll of enchant armour for 210 gold pieces
 26959 | Orc:2    | Reached XP level 15. HP: 60/103 MP: 2/15
 28530 | Orc:2    | Found Ritaell's General Store.
 28873 | Orc:2    | Found Jioxoo's General Store.
 29283 | Orc:2    | Bought a potion of enlightenment for 75 gold pieces
 29283 | Orc:2    | Bought a potion of heal wounds for 75 gold pieces
 29285 | Orc:2    | Bought a scroll of identify for 26 gold pieces
 29285 | Orc:2    | Bought a scroll of immolation for 52 gold pieces
 29537 | Orc:2    | Reached skill level 16 in Fighting
 29806 | Orc:2    | Found Woileto's Jewellery Boutique.
 29806 | Orc:2    | Found Plog's Antique Weapon Shop.
 29807 | Orc:2    | Found a one-way gate leading to the halls of Pandemonium.
 33110 | D:12     | Noticed Erolcha
 33127 | D:12     | Killed Erolcha
 33257 | D:12     | Found an opulent altar of Gozag.
 33357 | D:12     | Acquired the ring of Understanding {rElec Will- Str+6
                  | Slay+4}
 33769 | D:12     | Got the +2 battleaxe "Zuing" {freeze, Fly rPois rCorr
                  | Str+4}
 34412 | D:13     | Reached skill level 17 in Fighting
 35796 | D:14     | Noticed Lodul
 35804 | D:14     | Killed Lodul
 35846 | D:14     | Reached XP level 16. HP: 94/112 MP: 0/16
 36116 | D:14     | Found a gate to the Vaults.
 36165 | D:14     | Found a gate leading to a gauntlet.
 36171 | Gauntlet | Entered a Gauntlet
 36171 | Gauntlet | Found a transporter.
 36171 | Gauntlet | Found a transporter.
 36171 | Gauntlet | Found a transporter.
 36172 | Gauntlet | Found a transporter.
 36175 | Gauntlet | Found a transporter.
 36176 | Gauntlet | Found a transporter.
 36193 | Gauntlet | Found a transporter.
 36195 | Gauntlet | Found a transporter.
 36196 | Gauntlet | Found a transporter.
 36197 | Gauntlet | Found a transporter.
 36210 | Gauntlet | Found a transporter.
 36212 | Gauntlet | Found a transporter.
 36523 | Gauntlet | Identified the +0 helmet of Existentialism {Dex+6}
 36640 | Gauntlet | Identified the +10 sling of the Tomato {flame, *Corrode
                  | rPois Int+2}
 37427 | Lair:1   | Killed PaiMei's ghost
 37512 | Swamp:1  | Entered Level 1 of the Swamp
 37725 | Swamp:1  | Received a gift from Trog
 38060 | Swamp:1  | Found a glacial archway.
 38078 | IceCv    | Entered an ice cave
 38431 | IceCv    | Reached skill level 18 in Fighting
 38653 | IceCv    | HP: 3/171 [reaper/-4 scythe of freezing (12)]
 38653 | IceCv    | HP: 1/171 [reaper/-4 scythe of freezing (2)]
 38661 | IceCv    | HP: 2/114 [reaper/-4 scythe of freezing (12)]
 38662 | IceCv    | Engulfed by a cloud of freezing vapour

Illustrated notes

Levels and vault maps discovered:
D:1:      dpeg_arrival_simpleton_a, layout_loops_cross,
          ebering_ecumenical_altar_hall
D:2:      minmay_thinvault, layout_loops_corners, uniq_terence,
          uniq_crazy_yiuf_cottage
D:3:      layout_rooms, dancing_weapons_uskayaw, gammafunk_ghost_arena
D:4:      layout_rooms, general_overflow_altar, kennysheep_generic_room_14
D:5:      layout_basic, amcnicky_altar_gilded, lemuel_coloured_pillars_altar,
          zin_statuary, temple_hall, amcnicky_mini_pool_small, uniq_pikel,
          uniq_duvessa, uniq_sigmund
D:6:      layout_basic, gammafunk_ghost_necromancy
D:7:      layout_basic, nrook_uturn, uniq_jeremiah
D:8:      layout_basic, mainiacjoe_overflow_concentric_impassable
D:9:      layout_cave_pools, nicolae_kite_square_tiling_tiny
D:10:     layout_loops_ring, okawaru_gym_becter, david_lair_generic,
          david_orc_4, due_unseen_surprise, uniq_erica
D:11:     layout_irregular_city
D:12:     minmay_coctagon, layout_loops_cross, special_room [special_room_bee],
          nicolae_gozag_seed_capital, uniq_erolcha
D:13:     layout_irregular_city
D:14:     layout_long_grid, erik_vaults_1, nicolae_tricolors,
          gauntlet_entry_generic, uniq_lodul
Temple:   hellmonk_temple_divided_pantheon
Lair:1:   layout_gridlike, special_room, gammafunk_ghost_grave,
          chequers_serial_rivers_room_a, grunt_megastairs_4
Lair:2:   layout_regular_city, nicolae_spider_entry_non_spiders,
          grunt_megastairs_5, uniq_gastronok
Lair:3:   layout_chaotic_city, nicolae_swamp_entry_splash_gauntlet,
          nicolae_quartered_pool_impasse, serial_bayou_shore_a,
          grunt_megastairs_2, uniq_amaemon
Lair:4:   layout_regular_city, serial_bayou_pond_b
Lair:5:   hangedman_lair_caniforms_friends, layout_loops_ring, wormcave,
          slime_entry_1, nicolae_lair_lil_pond
Swamp:1:  layout_falls_marsh, portal_ice_cave_entry_frozen_things,
          serial_swamp_ruin, evilmike_swamp_ruin_house_6,
          evilmike_swamp_ruin_house_4, hangedman_swamp_ruin_hall, swamp_pool_1_2
Orc:1:    layout_caves, serial_shops, shop
Orc:2:    pf_orc_diabolical, layout_caves, serial_shops,
          nicolae_shop_tiny_real_fake_doors
IceCv:    ice_cave_small_demon

Skill      XL: |  1  2  3  4  5  6  7  8  9 10 11 12 13 14 15 16 |
---------------+-------------------------------------------------+-----
Axes           | 3 4 5 6 7 9 11 12 14 15 16 17 | 17.0
Armour         | 3 4 5 6 8 9 10 11 13 15 17 | 17.8
Fighting       | 4 5 6 7 8 9 11 12 13 15 17 18 | 18.0
Dodging        | |  1.5

Action                     |  1- 3 |  4- 6 |  7- 9 | 10-12 | 13-15 | 16-18 || total
---------------------------+-------+-------+-------+-------+-------+-------++-------
  Melee: Hand axe          |    75 |   107 |       |       |    20 |    47 ||   249
         War axe           |       |    18 |   162 |   445 |   954 |       ||  1579
         Punch             |       |       |     1 |     4 |    10 |       ||    15
         Battleaxe         |       |       |       |       |    59 |   170 ||   229
         Flail             |       |       |       |       |     4 |       ||     4
  Throw: Throwing net      |       |       |       |       |     1 |       ||     1
 Invoke: Berserk           |       |     8 |     9 |    18 |    25 |     8 ||    68
         Trog's Hand       |       |     1 |     5 |     8 |    19 |     4 ||    37
         Brothers in Arms  |       |       |       |       |     2 |     1 ||     3
    Use: Scroll            |       |    11 |     1 |    12 |     7 |     1 ||    32
         Potion            |       |       |       |       |     1 |     4 ||     5
   Stab: Distracted        |       |       |       |       |     1 |       ||     1
 Armour: Animal skin       |    25 |       |       |       |       |       ||    25
         Ring mail         |    17 |    15 |       |       |       |       ||    32
         Scale mail        |       |    61 |   101 |   305 |   790 |   253 ||  1510
  Dodge: Dodged            |    41 |    50 |    60 |   168 |   407 |    88 ||   814
         Repelled          |       |       |     1 |     1 |     3 |     1 ||     6
